 Dungeon Crawl Stone Soup version 0.25.0-26-g0c896c7088 (webtiles) character file.

Game seed: 12512665044847638192

684 Esekla the Grave Robber (level 7, -4/51 HPs)
             Began as a Formicid Necromancer on July 2, 2020.
             Slain by a worker ant (6 damage)
             ... on level 6 of the Dungeon.
             The game lasted 00:41:26 (6792 turns).

Esekla the Grave Robber (Formicid Necromancer)      Turns: 6792, Time: 00:41:27

Health: -4/51      AC:  3    Str: 12    XL:     7   Next: 93%
Magic:  1/14       EV: 13    Int: 29    God:
Gold:   165        SH:  5    Dex: 11    Spells: 12/15 levels left

rFire    . . .     SeeInvis +   x - +1 long sword
rCold    . . .     Gourm    .   (no shield)
rNeg     . . .     Faith    .   a - +1 robe
rPois    .         Spirit   .   (helmet unavailable)
rElec    .         Reflect  +   (no cloak)
rCorr    .         Harm     .   (no gloves)
MR       .....                  (no boots)
Stlth    ++........             j - amulet of reflection
HPRegen  0.17/turn              o - +6 ring of intelligence
MPRegen  0.14/turn              C - +6 ring of intelligence

@: lethally poisoned (-4 -> -7)
A: permanent stasis, dig shafts and tunnels, four strong arms, antennae 3
a: Dig, Shaft Self


You were on level 6 of the Dungeon.
You were near starving.

You visited 1 branch of the dungeon, and saw 6 of its levels.

You collected 165 gold pieces.

Inventory:

Hand Weapons
 b - a +0 spear
 s - a +0 trident
 t - a +0 short sword
 x - a +1 long sword (weapon)
 z - a +0 halberd
Missiles
 l - 29 poisoned darts (quivered)
Armour
 a - a +1 robe (worn)
Jewellery
 j - an amulet of reflection (around neck)
 o - a +6 ring of intelligence (left hand)
 C - a +6 ring of intelligence (right hand)
Wands
 n - a wand of iceblast (10)
Scrolls
 d - 2 scrolls of identify
 f - a scroll of amnesia
 i - 4 scrolls of enchant weapon
Potions
 e - 3 potions of brilliance
 g - a potion of ambrosia {unknown}
 h - a potion of lignification {unknown}
 m - a potion of curing
 p - 2 potions of resistance
 q - a potion of berserk rage {unknown}
 r - a potion of magic {unknown}
 v - a potion of haste
 w - a potion of heal wounds {unknown}
 B - a potion of flight {unknown}
 D - a potion of stabbing {unknown}
Comestibles
 c - 8 rations


   Skills:
 * Level 2.7 Fighting
 * Level 3.4 Long Blades
 + Level 1.1 Polearms
 + Level 0.8 Throwing
 + Level 2.8 Dodging
 - Level 2.6 Stealth
 * Level 4.9 Spellcasting
 + Level 5.3 Necromancy


You had 12 spell levels left.
You knew the following spells:

 Your Spells              Type           Power        Failure   Level  Hunger
d - Vampiric Draining     Necr           #####.....   2%          3    #......

Your spell library contained the following spells:

 Spells                   Type           Power        Failure   Level  Hunger
 Animate Skeleton         Necr           N/A          1%          1    None
 Pain                     Necr           ####         1%          1    None
 Animate Dead             Necr           N/A          7%          4    ###....
 Agony                    Necr           #####...     21%         5    #####..


Dungeon Overview and Level Annotations

Branches:
Dungeon (6/15)
 Temple: D:4-7

Altars:
Dithmenos
Hepliaklqana
Makhleb
Nemelex Xobeh
Okawaru
Sif Muna
The Shining One

Annotations:
D:5 Menkaure


Innate Abilities, Weirdness & Mutations

You cannot be hasted, slowed, berserked, paralysed or teleported.
You can dig through walls and to a lower floor.
Your four strong arms can wield two-handed weapons with a shield.
You have a pair of large antennae on your head. (SInv)


Message History

Aim: a worker ant (heavily wounded)
The worker ant is almost dead.
You feel life coursing into your body.
You feel sick. You block the jackal's attack. The worker ant bites you.
* * * LOW HITPOINT WARNING * * *
You are more poisoned.
The worker ant poisons you!
You hit the worker ant but do no damage.
The worker ant is almost dead.
* * * LOW HITPOINT WARNING * * *
You feel sick. The jackal closely misses you. The worker ant bites you.
* * * LOW HITPOINT WARNING * * *
The jackal barely misses you.
It was a potion of curing.
You feel better. The worker ant bites you.
* * * LOW HITPOINT WARNING * * *
You are lethally poisoned!
The worker ant poisons you! The jackal bites you.
* * * LOW HITPOINT WARNING * * *
The worker ant bites you.
You die...

......# ......#### ######
.........###....#########.
.......................$..
.......^..................
......# ###.##.........#.
......######..)o#.†....[..
.....##......###hao#######
........####.# #@###
.######## h.#...# .#####
........ .....# ..........
.....# .......)...# {{{
#....##............. .. {
....................# ...
.....####....#...#... ##..
# #....#### o# ## #...# #


You could see a worker ant, 2 orcs and a jackal.

Vanquished Creatures
  2 ogres (D:5)
  A centaur (D:5)
  An orc priest (D:4)
  3 orc wizards
  2 worker ants
  8 gnolls
  7 adders
  A shadow imp (D:2)
  An ooze (D:4)
  3 dart slugs
  3 leopard geckos
  15 orcs
  7 giant cockroaches
  5 goblins
  5 hobgoblins
  17 jackals
  A ball python (D:1)
  10 bats
  6 frilled lizards
  6 kobolds
  5 rats
109 creatures vanquished.

Notes
Turn   | Place    | Note
-------+----------+-------------------------------------------
     0 | D:1      | Esekla the Formicid Necromancer began the quest for the
                  | Orb.
     0 | D:1      | Reached XP level 1. HP: 13/13 MP: 3/3
   357 | D:1      | Reached XP level 2. HP: 12/19 MP: 5/5
   628 | D:1      | Reached XP level 3. HP: 16/25 MP: 1/6
   633 | D:1      | Learned a level 3 spell: Vampiric Draining
  1360 | D:1      | Reached skill level 1 in Fighting
  1612 | D:1      | Reached XP level 4. HP: 20/32 MP: 4/8
  2245 | D:2      | Reached skill level 1 in Polearms
  2838 | D:2      | Reached skill level 1 in Long Blades
  3082 | D:3      | Reached XP level 5. HP: 36/37 MP: 9/9
  3418 | D:3      | Noticed a phantom
  3828 | D:3      | Found an iron altar of Okawaru.
  3828 | D:3      | Found a burning altar of Makhleb.
  3909 | D:3      | Found a sparkling altar of Nemelex Xobeh.
  4096 | D:3      | Noticed a shadow
  4097 | D:3      | Found a shadowy altar of Dithmenos.
  4099 | D:3      | Found a hazy altar of Hepliaklqana.
  4515 | D:4      | Reached XP level 6. HP: 28/44 MP: 6/11
  5362 | D:4      | Found a glowing golden altar of the Shining One.
  6076 | D:5      | Entered Level 5 of the Dungeon
  6091 | D:5      | Noticed an ogre
  6095 | D:5      | Reached skill level 5 in Necromancy
  6179 | D:5      | Killed an ogre
  6179 | D:5      | Reached XP level 7. HP: 31/50 MP: 2/13
  6319 | D:5      | Found a shimmering blue altar of Sif Muna.
  6627 | D:5      | Noticed Menkaure
  6631 | D:5      | You fall into a shaft and drop 1 floor!
  6791 | D:6      | HP: 2/51 [worker ant (2)]
  6792 | D:6      | Slain by a worker ant

Illustrated notes

Levels and vault maps discovered:
D:1:      heliophobic_arrival_dark_side_of_the_moon, layout_basic,
          kennysheep_decorative_pillar
D:2:      layout_rooms
D:3:      layout_rooms, riverfiend_overflow_shadow_ancestor,
          gammafunk_temple_overflow_elements, nemelex_diamond_rough_becter
D:4:      layout_layer_cave, lemuel_crystal_altar, first_ration
D:5:      layout_basic, nicolae_overflow_crystal_walls, gammafunk_ghost_split,
          minmay_hollow_rounded_squares, uniq_menkaure
D:6:      layout_rooms, cheibrodos_sewer_entry_bend, kennysheep_generic_room_15

Skill      XL: |  1  2  3  4  5  6 |
---------------+-------------------+-----
Dodging        | 2 |  2.8
Fighting       | 1 2 |  2.7
Polearms       | 1 |  1.1
Long Blades    | 1 2 3 |  3.4
Spellcasting   | 3 4 |  4.9
Necromancy     | 5 |  5.3
Throwing       | |  0.8
Stealth        | |  2.6

Action                   |  1- 3 |  4- 6 |  7- 9 || total
-------------------------+-------+-------+-------++-------
Melee: Spear             |   108 |       |       ||   108
       Falchion          |     3 |   178 |    39 ||   220
       Short sword       |       |     1 |       ||     1
       Long sword        |       |       |     6 ||     6
Throw: Dart              |       |    11 |     1 ||    12
 Cast: Pain              |     7 |     1 |       ||     8
       Vampiric Draining |     5 |    32 |    19 ||    56
 Abil: Shaft Self        |       |       |     1 ||     1
  Use: Scroll            |       |       |     8 ||     8
       Potion            |       |       |     1 ||     1
 Stab: Sleeping          |     4 |     6 |       ||    10
  Eat: Chunk             |     3 |    17 |     1 ||    21
Armor: Robe              |    17 |    37 |     8 ||    62
Dodge: Dodged            |    91 |   119 |    68 ||   278
Block: Other             |       |    58 |    27 ||    85
       Reflection        |       |     1 |     1 ||     2
       Rpst.: Falchion   |       |    42 |    18 ||    60
       Long sword        |       |       |     5 ||     5
